 Dungeon Crawl Stone Soup version 0.30.1-4-g462c640d31 (webtiles) character file.

Game seed: 7780360101473415290

41874 Peloso the Fencer (level 13, -11/124 HPs)
             Began as a Minotaur Fighter on Aug 18, 2023.
             Was the Champion of Okawaru.
             Mangled by a small abomination (14 damage)
             ... on level 1 of the Abyss.
             The game lasted 00:33:03 (20492 turns).

Peloso the Fencer (Minotaur Fighter)               Turns: 20492, Time: 00:33:04

Health: -11/124    AC: 20    Str: 24    XL:     13   Next: 82%
Magic:  13/13      EV:  8    Int:  5    God:    Okawaru [******]
Gold:   1108       SH:  6    Dex:  8    Spells: 12/12 levels left

rFire   . . .        a - +5 scimitar (flame)
rCold   + . .        d - +0 buckler
rNeg    . . .        n - +0 plate armour
rPois   .            (helmet restricted)
rElec   .            (no cloak)
rCorr   +            W - +0 pair of gloves of the Fiddle {rCorr}
SInv    .            x - +0 pair of boots
Will    +....        X - amulet of regeneration Stlth
                     y - ring of willpower
HPRegen 1.20/turn    F - ring of protection from cold
MPRegen 0.13/turn

%: no passive effects
@: unable to read
A: horns 2, retaliatory headbutt, [clumsy 2], [inability to read after injury 2]
a: Renounce Religion, Heroism, Finesse, Duel


You were on level 1 of the Abyss.
You worshipped Okawaru.
Okawaru was exalted by your worship.
You visited 4 branches of the dungeon, and saw 18 of its levels.
You visited the Abyss 1 time.

You collected 1460 gold pieces.
You spent 352 gold pieces at shops.

Inventory:

Hand Weapons
 a - a +5 scimitar of flaming (weapon)
 b - a +1 scimitar of electrocution
 c - a +2 falchion of draining
Armour
 d - a +0 buckler (worn)
 n - a +0 plate armour (worn)
 x - a +0 pair of boots (worn)
 W - the +0 pair of gloves of the Fiddle (worn) {rCorr}
   (Okawaru gifted it to you on level 3 of the Lair of Beasts)

   rCorr:     It protects you from acid and corrosion.
Jewellery
 r - a +6 ring of strength
 y - a ring of willpower (left hand)
 A - a ring of poison resistance
 E - a +5 ring of evasion
 F - a ring of protection from cold (right hand)
 Q - a ring of see invisible
 V - a ring of ice
 X - an amulet of regeneration (around neck)
Wands
 j - a wand of mindburst (13)
 o - a wand of flame (49)
 w - a wand of charming (19)
 S - a wand of iceblast (5)
 T - a wand of polymorph (6)
Scrolls
 g - 3 scrolls of fear
 i - 2 scrolls of immolation
 m - 3 scrolls of poison
 q - a scroll of summoning
 t - 8 scrolls of teleportation
 G - 2 scrolls of magic mapping {unknown}
 I - 3 scrolls of enchant weapon
 K - 2 scrolls of amnesia {unknown}
 L - 4 scrolls of enchant armour
 O - 3 scrolls of fog {unknown}
Potions
 e - 16 potions of curing
 f - 4 potions of attraction
 h - 5 potions of might
 k - 3 potions of magic
 l - 3 potions of invisibility
 p - 4 potions of heal wounds
 s - 6 potions of flight
 v - 2 potions of haste
 z - 2 potions of mutation
 C - 6 potions of lignification
 D - 2 potions of brilliance
 H - 2 potions of resistance {unknown}
 U - a potion of berserk rage {unknown}
Miscellaneous
 J - a lightning rod (4/4)
 P - a phantom mirror


   Skills:
 + Level 14.0 Fighting
 + Level 16.0 Long Blades
 + Level 15.9 Armour
 + Level 3.1 Dodging
 + Level 2.3 Stealth
 + Level 11.7 Shields
 + Level 2.6 Invocations
 + Level 0.1 Evocations


You had 12 spell levels left.
You didn't know any spells.
Your spell library contained the following spells:

 Spells                   Type           Power      Damage    Failure   Level
 Magic Dart               Conj           0%         1d3       99%         1
 Necrotise                Necr           0%         1d4       99%         1
 Blink                    Tloc           0%         N/A       100%        2
 Lesser Beckoning         Tloc           0%         N/A       100%        2
 Momentum Strike          Conj/Tloc      0%         3d8       100%        2
 Scorch                   Fire           0%         2d5       100%        2
 Gell's Gravitas          Tloc           0%         N/A       100%        3
 Mephitic Cloud           Conj/Pois/Air  0%         N/A       100%        3
 Portal Projectile        Hex/Tloc       0%         N/A       100%        3
 Teleport Other           Tloc           0%         N/A       100%        3
 Vampiric Draining        Necr           0%         2d6       100%        3
 Flame Wave               Conj/Fire      0%         2d4       100%        4
 Passage of Golubria      Tloc           0%         N/A       100%        4
 Agony                    Necr           0%         N/A       100%        5
 Blade Hands              Tmut           0%         N/A       100%        5
 Yara's Violent Unravell  Hex/Tmut       0%         3d3       100%        5
 Orb of Destruction       Conj           0%         9d5       100%        7
 Call Imp                 Summ           Unusable   N/A       N/A         2
 Summon Guardian Golem    Hex/Summ       Unusable   N/A       N/A         3
 Tukima's Dance           Hex            Unusable   N/A       N/A         3
 Summon Cactus Giant      Summ           Unusable   N/A       N/A         6
 Spellforged Servitor     Conj/Summ      Unusable   N/A       N/A         7

Dungeon Overview and Level Annotations

Branches:
Dungeon (12/15)            Temple (1/1) D:6            Lair (4/5) D:9
  Swamp (0/4) Lair:3        Snake (0/4) Lair:2        Slime (0/5) Lair:4
    Orc (1/2) D:11

Altars:
Ashenzari
Cheibriados
Dithmenos
Elyvilon
Fedhas
Gozag
Hepliaklqana
Kikubaaqudgha
Makhleb
Nemelex Xobeh
Okawaru
Qazlal
Ru
Sif Muna
Trog
Uskayaw
Vehumet
Wu Jian
Xom
Yredelemnul
Zin
The Shining One
Jiyva

Shops:
D:1 *   D:3 !   D:9 *

Portals:
Trove: D:11 (give 8 potions of haste)

Annotations:
D:5 3 runed translucent doors, destino's ghost, amateur OpVM
Orc:1 Sonja


Innate Abilities, Weirdness & Mutations

You have a pair of horns on your head.
You reflexively headbutt those who attack you in melee.
[You are very clumsy. (Dex -4)]
[You sometimes lose the ability to read scrolls when taking damage.]


Message History

You closely miss the wretched star.
The wretched star is heavily damaged.
The wretched star pulses with an eldritch light!
You feel clumsy. x2
You block the small abomination's attack.
You slash the wretched star!
The wretched star is heavily damaged.
The raiju bites you but does no damage.
The wretched star glows turbulently.
The lance of force misses you.
The lance of force hits the raiju!
The raiju is knocked back by the lance of force.
The raiju slams into the rock wall!
The raiju dies!
You block the small abomination's attack.
Unknown command.
Unknown command.
You slash the wretched star! You burn the wretched star.
The wretched star is severely damaged.
The small abomination hits you but does no damage.
The sixfirhy hits you. The sixfirhy shocks you!
* * * LOW HITPOINT WARNING * * *
You slice the wretched star!! You burn the wretched star.
You destroy the wretched star!
Okawaru accepts your kill. The sixfirhy hits you.
* * * LOW HITPOINT WARNING * * *
The sixfirhy shocks you!
* * * LOW HITPOINT WARNING * * *
You block the sixfirhy's attack. x2; The small abomination misses you.
You slice the quasit!! You burn the quasit.
You kill the quasit!
Okawaru accepts your kill. The sixfirhy hits you.
* * * LOW HITPOINT WARNING * * *
The sixfirhy shocks you!
* * * LOW HITPOINT WARNING * * *
The sixfirhy hits you but does no damage.
A large abomination comes into view.
The sixfirhy closely misses you. The small abomination hits you!
You die...

# #. .## .. #
... #.### #.#
... #...##.##X
..
#.)..........
#.@3..#.....
#.#.x........#
#......>##...#
##............
. .....##....
. #.......
#.[....
#........
......
.......... ..
.. . .. ..
.....


You could see a large abomination (wandering), a sixfirhy and a small
abomination.

Vanquished Creatures
  A deep elf sorcerer (Abyss:1)
  A dire elephant (Lair:4)
  2 hydras
  2 catoblepae
  2 anacondas (Lair:4)
  2 boulder beetles
  Erica (D:11)
  4 two-headed ogres
  Nergalle (D:11)
  A wretched star (Abyss:1)
  A fire crab (Lair:4)
  An orc knight (D:11)
  A worldbinder (Abyss:1)
  4 cyclopes
  An elephant (Lair:4)
  2 black mambas (Lair:1)
  Joseph (D:10)
  2 torpor snails
  2 gargoyles
  5 cane toads
  7 komodo dragons
  An unseen horror (D:12)
  6 rime drakes
  2 trolls
  A hornet (Lair:4)
  3 polar bears
  16 blink frogs
  3 slime creatures (D:12)
  11 wyverns
  2 shadows
  Sigmund (D:4)
  A wraith (D:12)
  16 yaks
  A steam dragon (D:9)
  8 vampire mosquitoes
  12 basilisks
  An acid dragon (D:12)
  3 nagas (Lair:2)
  Menkaure (D:7)
  15 water moccasins
  5 black bears
  2 hell hounds
  Duvessa (D:6)
  10 orc warriors
  2 sky beasts (D:7)
  A swamp drake (Lair:1)
  2 ogres
  11 wolves
  5 centaurs
  2 kobold brigands
  3 phantoms
  12 bullfrogs
  3 scorpions
  2 small abominations (Abyss:1)
  Dowan (D:6)
  15 killer bees (D:7)
  2 electric eels (Lair:4)
  3 howler monkeys
  5 jellies
  A quasit (Abyss:1)
  3 gnoll boudas
  4 orc priests
  3 hounds
  Ijyb (D:5)
  A sleepcap (D:4)
  6 iguanas
  3 hell rats
  10 orc wizards
  A scorpion zombie (D:3)
  2 hound skeletons (D:3)
  16 gnolls
  4 adders
  2 white imps
  3 ufetubi
  4 adder skeletons (D:3)
  An adder zombie (D:3)
  4 worms
  2 dart slugs (D:3)
  37 orcs
  3 endoplasms
  3 giant cockroaches
  6 goblins
  7 hobgoblins
  10 jackals
  4 quokkas
  8 ball pythons
  11 bats
  3 frilled lizards
  A jackal skeleton (D:3)
  13 kobolds
  A quokka skeleton (D:3)
  9 rats
422 creatures vanquished.

Vanquished Creatures (others)
  A raiju (Abyss:1)
  A basilisk (Lair:4)
  A wight (Abyss:1)
3 creatures vanquished.

Grand Total: 425 creatures vanquished

Notes
Turn   | Place    | Note
-------+----------+-------------------------------------------
     0 | D:1      | Peloso the Minotaur Fighter began the quest for the Orb.
     0 | D:1      | Reached XP level 1. HP: 19/19 MP: 0/0
   168 | D:1      | Reached XP level 2. HP: 27/27 MP: 1/1
   458 | D:1      | Reached XP level 3. HP: 33/33 MP: 2/2
   473 | D:1      | Found Uparorch's Assorted Antiques.
   477 | D:1      | Bought a scroll labelled RYSKOI JOUKLU for 25 gold pieces
   477 | D:1      | Bought a scroll labelled PEEXTU LAMP for 25 gold pieces
   992 | D:2      | Reached skill level 3 in Long Blades
  1020 | D:2      | Reached XP level 4. HP: 8/40 MP: 3/3
  1025 | D:2      | HP: 2/40 [poisoned by a gnoll]
  1547 | D:2      | Reached skill level 4 in Long Blades
  1820 | D:3      | Reached XP level 5. HP: 44/46 MP: 4/4
  2079 | D:3      | Reached skill level 5 in Shields
  2338 | D:3      | Reached XP level 6. HP: 52/55 MP: 5/5
  2378 | D:3      | Found Ushid's Distillery.
  2385 | D:3      | Found a faded altar of an unknown god.
  2388 | D:3      | Bought a potion of heal wounds for 55 gold pieces
  2829 | D:1      | Bought a scroll labelled UWUVOQ KAEBI for 25 gold pieces
  2829 | D:1      | Bought a scroll labelled TEMEBOA UQEAQ for 25 gold pieces
  2897 | D:4      | Noticed Sigmund
  3004 | D:4      | Killed Sigmund
  3005 | D:4      | Reached skill level 5 in Fighting
  3005 | D:4      | Reached skill level 5 in Long Blades
  3005 | D:4      | Reached skill level 5 in Armour
  3075 | D:4      | Reached skill level 1 in Dodging
  3075 | D:4      | Reached XP level 7. HP: 61/61 MP: 6/6
  3252 | D:4      | Reached skill level 6 in Long Blades
  3821 | D:1      | Bought a dark potion for 22 gold pieces
  3899 | D:5      | Entered Level 5 of the Dungeon
  3905 | D:5      | Noticed Ijyb
  3920 | D:5      | Killed Ijyb
  4123 | D:5      | Found a hide-covered altar of Uskayaw.
  4209 | D:5      | Found a runed translucent gate.
  4209 | D:5      | Found a runed translucent gate.
  4209 | D:5      | Found a runed translucent gate.
  4212 | D:5      | Noticed destino's ghost (amateur OpVM)
  4249 | D:5      | Reached skill level 7 in Long Blades
  4689 | D:6      | Reached XP level 8. HP: 70/70 MP: 7/7
  4700 | D:6      | Found a staircase to the Ecumenical Temple.
  4741 | Temple   | Entered the Ecumenical Temple
  5080 | D:6      | Reached skill level 8 in Long Blades
  5255 | D:6      | Reached skill level 9 in Long Blades
  5363 | D:6      | Noticed Dowan
  5367 | D:6      | Noticed Duvessa
  5378 | D:6      | Killed Dowan
  5384 | D:6      | Killed Duvessa
  5743 | D:7      | Noticed Menkaure
  5756 | D:7      | Killed Menkaure
  5757 | D:7      | Reached skill level 1 in Stealth
  5757 | D:7      | Reached XP level 9. HP: 34/78 MP: 8/8
  6023 | D:7      | Found a hazy altar of Hepliaklqana.
  6047 | D:7      | Reached skill level 10 in Long Blades
  6117 | D:7      | Found a white marble altar of Elyvilon.
  6203 | D:7      | Found a glowing silver altar of Zin.
  6209 | D:7      | Found an ancient bone altar of Kikubaaqudgha.
  6209 | D:7      | Found a bloodstained altar of Trog.
  6210 | D:7      | Found an ornate altar of the Wu Jian Council.
  6212 | D:7      | Found an iron altar of Okawaru.
  6214 | D:7      | Found a shimmering blue altar of Sif Muna.
  6218 | D:7      | Became a worshipper of Warmaster Okawaru
  6564 | D:7      | Reached * piety under Okawaru
  6599 | D:7      | Reached skill level 11 in Long Blades
  8028 | D:9      | Noticed a two-headed ogre
  8038 | D:9      | Killed a two-headed ogre
  8038 | D:9      | Reached ** piety under Okawaru
  8039 | D:9      | Reached XP level 10. HP: 35/88 MP: 6/9
  8372 | D:8      | Reached skill level 12 in Long Blades
  8429 | D:9      | Reached *** piety under Okawaru
  8533 | D:9      | Found a staircase to the Lair.
  8545 | D:9      | Found Nopn's General Store.
  8572 | D:9      | Reached skill level 1 in Invocations
  8716 | D:9      | Bought a scroll of teleportation for 39 gold pieces
  8716 | D:9      | Bought a scroll of enchant armour for 97 gold pieces
  8716 | D:9      | Bought a potion of lignification for 39 gold pieces
  8924 | D:10     | Entered Level 10 of the Dungeon
  9027 | D:10     | Found a sparkling altar of Nemelex Xobeh.
  9183 | D:10     | Reached skill level 10 in Armour
  9305 | D:10     | Noticed Joseph
  9331 | D:10     | Killed Joseph
  9526 | D:10     | Found a snail-covered altar of Cheibriados.
  9599 | D:10     | Reached **** piety under Okawaru
  9698 | D:10     | Noticed a two-headed ogre
  9707 | D:10     | Killed a two-headed ogre
  9896 | D:11     | Reached XP level 11. HP: 69/97 MP: 11/11
 10389 | D:11     | Found a staircase to the Orcish Mines.
 10498 | D:11     | Noticed a boulder beetle
 10511 | D:11     | Noticed Nergalle
 10511 | D:11     | Noticed a two-headed ogre
 10513 | D:11     | Killed a boulder beetle
 10514 | D:11     | Reached skill level 13 in Long Blades
 10784 | D:11     | Noticed Erica
 10792 | D:11     | Killed Erica
 10792 | D:11     | Received a gift from Okawaru
 10837 | D:11     | Killed a two-headed ogre
 10965 | D:11     | Killed Nergalle
 11084 | D:11     | Found a portal to a secret trove of treasure.
 11370 | D:11     | Reached ***** piety under Okawaru
 11544 | Lair:1   | Entered Level 1 of the Lair of Beasts
 11637 | Lair:1   | Received a gift from Okawaru
 11638 | Lair:1   | Reached skill level 10 in Fighting
 11638 | Lair:1   | Reached skill level 14 in Long Blades
 12966 | Lair:2   | Noticed a five-headed hydra
 12974 | Lair:2   | Killed a one-headed hydra
 13117 | Lair:2   | Reached XP level 12. HP: 74/108 MP: 12/12
 13311 | Lair:2   | Found a staircase to the Snake Pit.
 13330 | Lair:2   | HP: 3/108 [naga/+0 dire flail (11)]
 14235 | Lair:3   | Identified the +0 pair of gloves of the Fiddle {rCorr}
                  | (Okawaru gifted it to you on level 3 of the Lair of Beasts)
 14235 | Lair:3   | Received a gift from Okawaru
 14275 | Lair:3   | Identified the +5 great mace "Lulizole" {flame, rPois SInv}
 14284 | Lair:3   | Found a staircase to the Swamp.
 14478 | Lair:3   | Reached skill level 10 in Shields
 14867 | Lair:3   | Reached skill level 15 in Long Blades
 15492 | Lair:3   | Noticed a catoblepas
 15517 | Lair:3   | Killed a catoblepas
 15897 | Lair:3   | Noticed a five-headed hydra
 15905 | Lair:3   | Killed a one-headed hydra
 15905 | Lair:3   | Reached ****** piety under Okawaru
 15906 | Lair:3   | Reached XP level 13. HP: 93/119 MP: 13/13
 16609 | Lair:4   | Identified the +5 triple sword of Diutow {heavy, Dex+3}
                  | (Okawaru gifted it to you on level 4 of the Lair of Beasts)
 16609 | Lair:4   | Received a gift from Okawaru
 16915 | Lair:4   | Identified the +5 sling of Awkwardness {drain, rF+ rC+
                  | Str+4}
 17650 | Lair:4   | Reached skill level 15 in Armour
 17823 | Lair:4   | Noticed a dire elephant
 18476 | Lair:4   | Found a viscous altar of Jiyva.
 18477 | Lair:4   | Found a staircase to the Slime Pits.
 18610 | Lair:4   | Identified the +0 animal skin of the Maze {Will+ Regen+
                  | SInv} (Okawaru gifted it to you on level 4 of the Lair of
                  | Beasts)
 18610 | Lair:4   | Received a gift from Okawaru
 18925 | Lair:4   | Killed a dire elephant
 20092 | Orc:1    | Entered Level 1 of the Orcish Mines
 20264 | Orc:1    | Noticed Sonja
 20264 | Orc:1    | Noticed an orc warlord
 20288 | Abyss:1  | Cast into level 1 of the Abyss (Sonja)
 20461 | Abyss:1  | Noticed a deep elf sorcerer
 20473 | Abyss:1  | Killed a deep elf sorcerer
 20474 | Abyss:1  | Reached skill level 16 in Long Blades
 20492 | Abyss:1  | HP: 3/124 [sixfirhy (10)]
 20492 | Abyss:1  | Mangled by a small abomination

Illustrated notes

Levels and vault maps discovered:
D:1:      lightli_arrival_statuegarden, layout_basic, serial_shops, shop
D:2:      layout_basic
D:3:      layout_loops_corners, shapermc_ecumenical_altar_mp_highgroup,
          serial_undead, serial_undead_b, serial_undead_c, serial_undead_c,
          serial_undead_d, serial_undead_b, serial_undead_c, serial_shops, shop,
          st_stairs_2
D:4:      layout_loops_ring, uniq_sigmund
D:5:      layout_rooms, nicolae_overflow_crystal_walls, gammafunk_ghost_split,
          kennysheep_generic_room_9, uniq_ijyb
D:6:      minmay_chambers_of_sixes, layout_basic, minmay_temple_entry_offerings,
          uniq_duvessa
D:7:      minmay_skewed_foursquare, layout_loops_ring,
          mainiacjoe_overflow_cross_hatched, minitemple, lemuel_doored_altar,
          serial_park_tiny_pond, grunt_ministairs_14, eino_jars, uniq_menkaure
D:8:      layout_cave_pools
D:9:      layout_rooms, due_lair_maze_entry_diamond, serial_shops,
          nicolae_shop_waterfront
D:10:     layout_small_grid, marbit_many_paths, overflow_temple_1_default,
          uniq_joseph
D:11:     layout_layer_cave, orc_0_dummy, nicolae_trove_entry_isolated,
          uniq_nergalle, uniq_erica
D:12:     layout_roguey
Temple:   bh_familiar_temple
Lair:1:   layout_cave_pods, hibernation_bobbens, grunt_megastairs_5
Lair:2:   layout_cave_pods, minmay_snake_entry_guardpost_small
Lair:3:   layout_roguey [special_room_mythical_zoo],
          minmay_swamp_entry_reptiles, grunt_megastairs_3
Lair:4:   layout_cave_pods, nicolae_slime_entry_field_trip,
          nicolae_lair_lakeside_cave
Orc:1:    layout_caves, uniq_sonja
Abyss:1:  base: Lair:5, patterned_corridor

Skill      XL: |  1  2  3  4  5  6  7  8  9 10 11 12 13 |
---------------+----------------------------------------+-----
Shields        | 4 5 6 8 9 10 11 | 11.7
Fighting       | 4 5 6 7 9 10 12 14 | 14.0
Armour         | 4 5 6 7 9 10 12 14 15 | 15.9
Long Blades    | 3 4 5 7 9 11 12 14 15 16 | 16.0
Dodging        | 1 2 3 |  3.1
Stealth        | 1 2 |  2.3
Invocations    | 1 2 |  2.6
Evocations     | |  0.1

Action                     |  1- 3 |  4- 6 |  7- 9 | 10-12 | 13-15 || total
---------------------------+-------+-------+-------+-------+-------++-------
  Melee: Long sword        |    96 |   172 |   110 |       |       ||   378
         Headbutt          |    13 |    27 |    79 |   135 |    99 ||   353
         Falchion          |       |       |   324 |    83 |       ||   407
         Scimitar          |       |       |       |   510 |   344 ||   854
 Invoke: Heroism           |       |       |     1 |     5 |     4 ||    10
  Evoke: Wand              |       |       |       |     1 |       ||     1
    Use: Scroll            |       |     3 |     6 |     4 |     9 ||    22
         Potion            |       |       |       |     5 |     1 ||     6
 Armour: Scale mail        |    49 |       |       |       |       ||    49
         Chain mail        |    15 |    43 |       |       |       ||    58
         Plate armour      |       |    78 |   283 |   313 |   180 ||   854
  Dodge: Dodged            |    57 |    62 |   147 |   153 |   142 ||   561
  Block: Buckler           |    19 |    48 |   136 |   159 |   112 ||   474
